[Event "Szansa Chess Open 2022"]
[Site "Warsaw"]
[Date "2022.09.17"]
[Round "6"]
[White "Fiszer, Bartosz"]
[Black "Kosakowski, Jakub"]
[Result "0-1"]
[ECO "B15"]
[WhiteElo "2232"]
[BlackElo "2457"]
[Annotator "ChessBase"]
[PlyCount "128"]
[EventDate "2022.09.17"]
[EventCountry "POL"]
[SourceTitle "playchess.com"]
[Source "ChessBase"]
[SourceQuality "1"]
[TimeControl "900+10"]

1. e4 c6 2. d4 d5 3. Nd2 dxe4 4. Nxe4 Nf6 5. Nxf6+ exf6 6. c3 Bd6 7. Bd3 O-O 8. Ne2 Re8 9. O-O Nd7 10. Bf4 Nf8 11. Qd2 Be6 12. Rfe1 Ng6 13. Bxd6 Qxd6 14. Ng3 Nf4 15. Qc2 Nxd3 16. Qxd3 Rad8 17. Ne4 Qf4 18. Qg3 Qxg3 19. Nxg3 Kf8 20. f3 b6 21. Ne4 h6 22. a3 f5 23. Nf2 Bb3 24. Nd3 Rxe1+ 25. Rxe1 c5 26. Ne5 Ba4 27. dxc5 bxc5 28. Kf2 f6 29. Ng6+ Kf7 30. Nf4 g5 31. Ne2 Rd2 32. b4 f4 33. c4 Bb3 34. Rc1 Bd1 35. Ke1 Rxe2+ 36. Kxd1 Rxg2 37. bxc5 g4 38. Rc3 g3 39. hxg3 fxg3 40. f4 Ke6 41. Rd3 Rg1+ 42. Ke2 g2 43. Kf2 Rc1 44. Kxg2 Rxc4 45. Rd6+ Kf5 46. c6 h5 47. Kg3 a6 48. Rd5+ Ke4 49. Rxh5 Rxc6 50. Ra5 Ke3 51. Ra4 f5 52. Kh4 Rg6 53. Kh5 Rg1 54. Rxa6 Kxf4 55. a4 Rh1+ 56. Kg6 Kg4 57. a5 f4 58. Rb6 Ra1 59. a6 f3 60. Rf6 Kg3 61. Kf7 f2 62. Ke7 f1=Q 63. Rxf1 Rxf1 64. Kd7 Ra1 0-1

[Event "Szansa Chess Open 2022"]
[Site "Warsaw"]
[Date "2022.09.17"]
[Round "6"]
[White "Golecki, Jan"]
[Black "Kozak, Antoni"]
[Result "1-0"]
[ECO "B53"]
[WhiteElo "2193"]
[BlackElo "2434"]
[Annotator "ChessBase"]
[PlyCount "61"]
[EventDate "2022.09.17"]
[EventCountry "POL"]
[SourceTitle "playchess.com"]
[Source "ChessBase"]
[SourceQuality "1"]
[TimeControl "900+10"]

1. e4 c5 2. Nf3 d6 3. d4 cxd4 4. Qxd4 Nf6 5. Bg5 Nc6 6. Bb5 e6 7. Nc3 Bd7 8. Qd3 Be7 9. O-O-O h6 10. Bh4 Qc7 11. Rhe1 g5 12. Bg3 g4 13. Bxc6 bxc6 14. e5 Nd5 15. Ne4 gxf3 16. exd6 Qa5 17. dxe7 Qxa2 18. Bh4 Qa1+ 19. Kd2 Qa5+ 20. Qc3 Qxc3+ 21. bxc3 Bc8 22. Nd6+ Kd7 23. Nxf7 Re8 24. c4 Nxe7 25. Kc3+ Kc7 26. Bg3+ e5 27. Bxe5+ Kb6 28. Rb1+ Ka6 29. Ra1+ Kb6 30. Reb1+ Kc5 31. Bd6# 1-0

[Event "Szansa Chess Open 2022"]
[Site "Warsaw"]
[Date "2022.09.17"]
[Round "6"]
[White "Polak, Michal"]
[Black "Kowalski, Igor"]
[Result "0-1"]
[ECO "D79"]
[WhiteElo "1954"]
[BlackElo "2344"]
[Annotator "ChessBase"]
[PlyCount "78"]
[EventDate "2022.09.17"]
[EventCountry "POL"]
[SourceTitle "playchess.com"]
[Source "ChessBase"]
[SourceQuality "1"]
[TimeControl "900+10"]

1. d4 Nf6 2. c4 g6 3. g3 c6 4. Nf3 Bg7 5. Bg2 O-O 6. O-O d5 7. cxd5 cxd5 8. Nc3 Ne4 9. Bf4 Nc6 10. Ne5 Bf5 11. Rc1 Nxe5 12. Bxe5 Bh6 13. Bf4 Bxf4 14. gxf4 Qd7 15. f3 Nxc3 16. Rxc3 Rac8 17. Qd2 Rxc3 18. bxc3 Rc8 19. e4 Be6 20. Kh1 Kh8 21. Rg1 Qc7 22. f5 gxf5 23. Bh3 f6 24. Bxf5 Bxf5 25. exf5 Rg8 26. Rxg8+ Kxg8 27. Qe3 Qd7 28. Kg2 Kf7 29. Qf4 Qb5 30. Qe3 Qd7 31. Qf4 Qa4 32. h4 Qxa2+ 33. Kg3 Qb1 34. Qe3 Qxf5 35. Qe2 Qb1 36. Qe3 a5 37. h5 a4 38. Qf4 a3 39. Qf5 Qxf5 0-1

[Event "Szansa Chess Open 2022"]
[Site "Warsaw"]
[Date "2022.09.17"]
[Round "6"]
[White "Wadelek, Karol"]
[Black "Lewicki, Miroslaw"]
[Result "0-1"]
[ECO "B00"]
[WhiteElo "1943"]
[BlackElo "2336"]
[Annotator "ChessBase"]
[PlyCount "74"]
[EventDate "2022.09.17"]
[EventCountry "POL"]
[SourceTitle "playchess.com"]
[Source "ChessBase"]
[SourceQuality "1"]
[TimeControl "900+10"]

1. e4 b6 2. d4 Bb7 3. Bd3 g6 4. f4 Bg7 5. Nf3 e6 6. O-O d5 7. e5 Ne7 8. Be3 c5 9. c3 Nd7 10. Nbd2 Qc7 11. Rc1 a6 12. Qe1 b5 13. g4 h5 14. h3 O-O-O 15. dxc5 Nxc5 16. Bb1 hxg4 17. hxg4 Kb8 18. Ng5 d4 19. Bxd4 Rh1+ 20. Kf2 Rh2+ 21. Ke3 Nd5+ 22. Kf3 Nf6+ 23. Nde4 Nfxe4 24. Nxe4 Rdh8 25. Rg1 Rxb2 26. Qe3 Rxb1 27. Bxc5 Rxc1 28. Bd6 Qxd6 29. exd6 Rxc3 30. Qxc3 Bxc3 31. Ke3 Bxe4 32. Kxe4 Bb4 33. Rd1 Rd8 34. Ke5 Kb7 35. f5 gxf5 36. gxf5 exf5 37. Kxf5 Rxd6 0-1

[Event "Szansa Chess Open 2022"]
[Site "Warsaw"]
[Date "2022.09.18"]
[Round "6.2"]
[White "Kulesza, Andrzej"]
[Black "Gumularz, Szymon"]
[Result "0-1"]
[ECO "C41"]
[WhiteElo "2014"]
[BlackElo "2532"]
[Annotator "ChessBase"]
[PlyCount "130"]
[EventDate "2022.09.17"]
[EventCountry "POL"]
[SourceTitle "playchess.com"]
[Source "ChessBase"]
[SourceQuality "1"]
[TimeControl "900+10"]

1. e4 e5 2. Nf3 d6 3. d4 exd4 4. Nxd4 Nf6 5. Nc3 Be7 6. Be2 O-O 7. Be3 Re8 8. f3 c6 9. a4 Bf8 10. Qd2 Nbd7 11. g4 Nc5 12. g5 Nfd7 13. h4 Ne5 14. h5 d5 15. f4 Ng4 16. e5 Nxe3 17. Qxe3 Qb6 18. O-O-O Ne6 19. Bf3 Nxd4 20. Qxd4 Qxd4 21. Rxd4 Bc5 22. Rd3 Bf5 23. Kd2 f6 24. gxf6 gxf6 25. exf6 Bxd3 26. cxd3 Kf7 27. Ne2 Kxf6 28. h6 Rg8 29. Rh3 Rae8 30. d4 Bd6 31. Kd3 Ref8 32. Ke3 Ke7 33. Rh5 Rf6 34. f5 Kf7 35. Nf4 Bf8 36. Nxd5 Bxh6+ 37. Nf4 Rg5 38. Ke4 Rxh5 39. Bxh5+ Ke7 40. Ne6 Bc1 41. b4 Kd6 42. Ng7 Ke7 43. Ke5 Rh6 44. f6+ Rxf6 45. Nf5+ Rxf5+ 46. Kxf5 Kd6 47. Bf3 b5 48. d5 bxa4 49. dxc6 a3 50. c7 Kxc7 51. Bd5 Kb6 52. Bc4 Bd2 53. Ke4 Bxb4 54. Kd3 Be7 55. Bg8 h5 56. Bf7 h4 57. Ke3 Kc5 58. Be6 Kd6 59. Bf7 Ke5 60. Bg8 Bc5+ 61. Kf3 Kd4 62. Kg4 Be7 63. Kf3 Kc3 64. Ke2 Kb2 65. Kf3 a2 0-1

[Event "Szansa Chess Open 2022"]
[Site "Warsaw"]
[Date "2022.09.18"]
[Round "6.3"]
[White "Jarmula, Lukasz"]
[Black "Psyk, Radoslaw"]
[Result "0-1"]
[ECO "B40"]
[WhiteElo "2457"]
[BlackElo "2404"]
[Annotator "ChessBase"]
[PlyCount "56"]
[EventDate "2022.09.17"]
[EventCountry "POL"]
[SourceTitle "playchess.com"]
[Source "ChessBase"]
[SourceQuality "1"]
[TimeControl "900+10"]

1. e4 c5 2. Nf3 e6 3. d4 cxd4 4. Nxd4 Nf6 5. Nc3 Nc6 6. Nxc6 bxc6 7. e5 Nd5 8. Ne4 Bb7 9. Be2 c5 10. O-O Qc7 11. Nd6+ Bxd6 12. exd6 Qc6 13. f3 Qb6 14. Kh1 O-O 15. c4 Nb4 16. Be3 a5 17. Qd2 Nc6 18. Rad1 e5 19. f4 Rae8 20. f5 f6 21. Qd5+ Kh8 22. Qxc5 Qxb2 23. Bf3 e4 24. Rb1 Qxa2 25. Bh5 Re5 26. Qb6 Ba8 27. Qc7 Rxf5 28. Bg4 Rxf1+ 0-1

[Event "Szansa Chess Open 2022"]
[Site "Warsaw"]
[Date "2022.09.18"]
[Round "6.4"]
[White "Kosakowski, Jakub"]
[Black "Chomczyk, Marek"]
[Result "0-1"]
[ECO "C24"]
[WhiteElo "2457"]
[BlackElo "2327"]
[Annotator "ChessBase"]
[PlyCount "80"]
[EventDate "2022.09.17"]
[EventCountry "POL"]
[SourceTitle "playchess.com"]
[Source "ChessBase"]
[SourceQuality "1"]
[TimeControl "900+10"]

1. e4 e5 2. Bc4 Nf6 3. d3 c6 4. Nf3 d5 5. Bb3 a5 6. a4 Bb4+ 7. c3 Bd6 8. exd5 cxd5 9. Bg5 Be6 10. Na3 Nbd7 11. Nb5 Bb8 12. O-O Ra6 13. Re1 O-O 14. h3 Re8 15. Bh4 h6 16. Ba2 Qc8 17. Bg3 Bf5 18. Re3 e4 19. Bxb8 Qxb8 20. dxe4 dxe4 21. Nfd4 Bg6 22. Qe2 Nc5 23. Bc4 Nd3 24. Rd1 Bh5 25. f3 Nf4 26. Qe1 exf3 27. Nxf3 Bxf3 28. Rxe8+ Nxe8 29. Qe7 Nxh3+ 30. Kf1 Rf6 31. Rd8 Qh2 32. Qxe8+ Kh7 33. Ke1 Qg1+ 34. Kd2 Qd1+ 35. Ke3 Qe1+ 36. Kd4 Qf2+ 37. Qe3 Rf4+ 38. Kd3 Be4+ 39. Qxe4+ Rxe4 40. Kxe4 Qh4+ 0-1

[Event "Szansa Chess Open 2022"]
[Site "Warsaw"]
[Date "2022.09.18"]
[Round "6.5"]
[White "Kokoszczynski, Jan"]
[Black "Jakubowski, Krzysztof"]
[Result "0-1"]
[ECO "A34"]
[WhiteElo "2313"]
[BlackElo "2466"]
[Annotator "ChessBase"]
[PlyCount "68"]
[EventDate "2022.09.17"]
[EventCountry "POL"]
[SourceTitle "playchess.com"]
[Source "ChessBase"]
[SourceQuality "1"]
[TimeControl "900+10"]

1. Nf3 Nf6 2. c4 c5 3. Nc3 d5 4. cxd5 Nxd5 5. e4 Nb4 6. Bc4 Nd3+ 7. Ke2 Nf4+ 8. Kf1 Ne6 9. d3 g6 10. h4 h6 11. g3 Bg7 12. Kg2 O-O 13. Be3 Nd4 14. Qd2 Nxf3 15. Kxf3 Nc6 16. Bxh6 Ne5+ 17. Kg2 Bg4 18. Bxg7 Bf3+ 19. Kg1 Kxg7 20. Qf4 Qd4 21. Rh2 a6 22. Re1 Bh5 23. Re3 Ng4 24. Rg2 e5 25. Qf3 b5 26. Bd5 Rad8 27. Qe2 b4 28. Na4 f5 29. Qd2 fxe4 30. Bxe4 c4 31. Re1 cxd3 32. b3 Rxf2 33. Rxf2 Nxf2 34. Qxf2 d2 0-1

[Event "Szansa Chess Open 2022"]
[Site "Warsaw"]
[Date "2022.09.18"]
[Round "6.6"]
[White "Kozak, Antoni"]
[Black "Czarnecka, Lidia"]
[Result "1-0"]
[ECO "D11"]
[WhiteElo "2434"]
[BlackElo "1957"]
[Annotator "ChessBase"]
[PlyCount "67"]
[EventDate "2022.09.17"]
[EventCountry "POL"]
[SourceTitle "playchess.com"]
[Source "ChessBase"]
[SourceQuality "1"]
[TimeControl "900+10"]

1. d4 d5 2. c4 c6 3. Nf3 Nf6 4. Qb3 dxc4 5. Qxc4 Bf5 6. g3 e6 7. Bg2 Be7 8. Nbd2 h6 9. Qb3 Qb6 10. Nc4 Qa6 11. Bf4 O-O 12. Nd6 Bxd6 13. Bxd6 Re8 14. O-O Be4 15. Rfe1 Nbd7 16. a4 Rac8 17. Qa3 Nb6 18. b3 Nbd5 19. Rac1 Nd7 20. a5 Qb5 21. Bf1 b6 22. Nd2 N5f6 23. f3 Bg6 24. e4 Qxa5 25. Qxa5 bxa5 26. Ba6 Nb6 27. Bxc8 Rxc8 28. Ra1 Rd8 29. Bc5 Nfd7 30. Be7 Re8 31. Bd6 e5 32. dxe5 Nxe5 33. Rxa5 Nd3 34. Re3 1-0

[Event "Szansa Chess Open 2022"]
[Site "Warsaw"]
[Date "2022.09.18"]
[Round "6.7"]
[White "Slomczewski, Michal"]
[Black "Nguyen, Piotr"]
[Result "0-1"]
[ECO "B06"]
[WhiteElo "2108"]
[BlackElo "2421"]
[Annotator "ChessBase"]
[PlyCount "58"]
[EventDate "2022.09.17"]
[EventCountry "POL"]
[SourceTitle "playchess.com"]
[Source "ChessBase"]
[SourceQuality "1"]
[TimeControl "900+10"]

1. e4 g6 2. Nf3 Bg7 3. Bc4 e6 4. O-O d5 5. exd5 exd5 6. Bb3 c5 7. d4 cxd4 8. Re1+ Ne7 9. Bg5 Nbc6 10. Nxd4 f6 11. Bf4 O-O 12. Nc3 Kh8 13. Ncb5 Ne5 14. Bg3 a6 15. Nc3 b5 16. Qd2 Ra7 17. Nxd5 Rd7 18. Nxe7 Rxd4 19. Qc3 Bb7 20. f4 Nc4 21. f5 Rd7 22. Bxc4 bxc4 23. Qe3 Rf7 24. Bd6 Rxd6 25. fxg6 Rf8 26. gxh7 f5 27. Qg5 Qb6+ 28. Kh1 Rh6 29. Nxf5 Rg6 0-1

[Event "Szansa Chess Open 2022"]
[Site "Warsaw"]
[Date "2022.09.18"]
[Round "6.8"]
[White "Kowalski, Igor"]
[Black "Podgorski, Maciej"]
[Result "1/2-1/2"]
[ECO "D37"]
[WhiteElo "2344"]
[BlackElo "2059"]
[Annotator "ChessBase"]
[PlyCount "116"]
[EventDate "2022.09.17"]
[EventCountry "POL"]
[SourceTitle "playchess.com"]
[Source "ChessBase"]
[SourceQuality "1"]
[TimeControl "900+10"]

1. d4 d5 2. c4 e6 3. Nc3 Nf6 4. Nf3 Be7 5. Bf4 dxc4 6. e3 a6 7. a4 O-O 8. Bxc4 c5 9. O-O Nc6 10. Re1 Qb6 11. dxc5 Bxc5 12. Qe2 h6 13. Red1 Re8 14. Ne5 Nxe5 15. Bxe5 Nd7 16. Bg3 Nf8 17. Ne4 Be7 18. Be5 Ng6 19. Bc3 e5 20. a5 Qc7 21. Rac1 b5 22. Bd5 Bb7 23. Bxe5 Qxe5 24. Bxb7 Ra7 25. f4 Qb8 26. Bd5 Rc7 27. Qh5 Rxc1 28. Rxc1 Qa7 29. Kf2 Rd8 30. Qxg6 Rxd5 31. Rc8+ Rd8 32. Qc6 Rxc8 33. Qxc8+ Kh7 34. g4 Bb4 35. g5 Qe7 36. Kf3 Qe6 37. Qc2 Kg8 38. gxh6 gxh6 39. Qc7 Bf8 40. Ng3 Qd5+ 41. Kg4 Qd1+ 42. Kh3 Qd6 43. Qxd6 Bxd6 44. Nf5 Bb4 45. Nxh6+ Kf8 46. Kg4 Bxa5 47. Nf5 Bd2 48. Kf3 Bc1 49. b3 a5 50. Ke2 a4 51. Kd1 Bb2 52. Kc2 Ba3 53. Nd4 Bc5 54. Nxb5 axb3+ 55. Kxb3 Bxe3 56. f5 Bf4 57. h3 Kg7 58. Kc4 Kf6 1/2-1/2

[Event "Szansa Chess Open 2022"]
[Site "Warsaw"]
[Date "2022.09.18"]
[Round "6.9"]
[White "Stepinski, Piotr"]
[Black "Lewtak, Damian"]
[Result "1-0"]
[ECO "B29"]
[WhiteElo "1663"]
[BlackElo "2386"]
[Annotator "ChessBase"]
[PlyCount "48"]
[EventDate "2022.09.17"]
[EventCountry "POL"]
[SourceTitle "playchess.com"]
[Source "ChessBase"]
[SourceQuality "1"]
[TimeControl "900+10"]

1. e4 c5 2. Nf3 Nf6 3. e5 Nd5 4. c3 e6 5. d4 cxd4 6. cxd4 d6 7. Nc3 Nxc3 8. bxc3 Qc7 9. Bd2 dxe5 10. Nxe5 Nd7 11. Nf3 Be7 12. Bd3 b6 13. O-O Bb7 14. Re1 O-O 15. h3 Rac8 16. Ne5 Nxe5 17. Rxe5 Bf6 18. Re3 g6 19. Rc1 Rfe8 20. f4 Qxf4 21. Rxe6 Qg3 22. Rxe8+ Rxe8 23. Bf1 Bh4 24. Qc2 Re2 1-0

[Event "Szansa Chess Open 2022"]
[Site "Warsaw"]
[Date "2022.09.18"]
[Round "6.10"]
[White "Lewicki, Miroslaw"]
[Black "Mulawa, Cyprian"]
[Result "1-0"]
[ECO "A01"]
[WhiteElo "2336"]
[BlackElo "2149"]
[Annotator "ChessBase"]
[PlyCount "71"]
[EventDate "2022.09.17"]
[EventCountry "POL"]
[SourceTitle "playchess.com"]
[Source "ChessBase"]
[SourceQuality "1"]
[TimeControl "900+10"]

1. b3 e5 2. Bb2 Nc6 3. g3 d5 4. Bg2 f5 5. e3 Nf6 6. Ne2 Bd6 7. O-O O-O 8. d4 e4 9. c4 Nb4 10. cxd5 Nd3 11. Ba3 Nxd5 12. Bxd6 Qxd6 13. Nd2 b5 14. g4 Nxf2 15. Rxf2 Nxe3 16. Qc1 Bb7 17. Nxe4 Bxe4 18. Qxe3 Rae8 19. Qg3 f4 20. Nxf4 Bxg2 21. Kxg2 g5 22. Ne2 Qd5+ 23. Kf1 Qh1+ 24. Ng1 Rxf2+ 25. Kxf2 Rf8+ 26. Ke3 Rf4 27. Re1 Qe4+ 28. Kd2 Qxd4+ 29. Kc2 Qc5+ 30. Kb1 Rf2 31. Qd3 Qf8 32. Qxb5 Qf6 33. Re8+ Kf7 34. Qd7+ Kg6 35. Re6 Rf1+ 36. Kc2 1-0

[Event "Szansa Chess Open 2022"]
[Site "Warsaw"]
[Date "2022.09.18"]
[Round "6.11"]
[White "Siekanska, Maria"]
[Black "Zablocki, Michal"]
[Result "1-0"]
[ECO "A41"]
[WhiteElo "2029"]
[BlackElo "1136"]
[Annotator "TA"]
[PlyCount "83"]
[EventDate "2022.09.17"]
[EventCountry "POL"]
[SourceTitle "playchess.com"]
[Source "ChessBase"]
[SourceQuality "1"]
[TimeControl "900+10"]

1. d4 d6 2. c4 Nd7 3. e4 e5 4. Nf3 Ngf6 5. Nc3 Be7 6. Be2 O-O 7. d5 c6 8. O-O a6 {[%emt 0:00:01] A55: Old Indian Defence with Nf3 and e4.} 9. Bd2 {[%emt 0:01:19] [#]} Nc5 $146 ({Predecessor:} 9... cxd5 10. cxd5 b5 11. b4 Nb6 12. Qb3 Bd7 13. Rfc1 Qb8 14. h3 Rc8 15. Be3 Qb7 16. Nd2 {½-½ (62) Richter,M (2370)-Mirschinka,D (2260) Germany 1998}) 10. Qc2 Bg4 {[%emt 0:00:03] White is slightly better.} 11. b4 Bxf3 12. Bxf3 Ncd7 13. Rac1 cxd5 14. cxd5 b5 (14... Rc8 $14) 15. a4 $16 bxa4 16. Nxa4 ({Much less strong is} 16. Qxa4 a5 $14) 16... Qb8 17. Qa2 Bd8 (17... Rc8 $16) 18. Rc6 $18 a5 {[%emt 0:00:32] [#]} 19. b5 Nb6 20. Rfc1 $2 (20. Be3 $18 {is more deadly.} Nxa4 21. Qxa4) 20... Nxa4 $16 21. Qxa4 Bb6 22. Bg5 {[%emt 0:00:27] White is much more active. The black rooks are badly placed.} Bc5 $2 {[%emt 0:01:33] This move loses the game for Black.} (22... Qa7 $16) 23. Bxf6 $18 gxf6 24. Bg4 Kh8 25. Bf5 Rg8 26. Qb3 a4 $2 (26... Qf8 27. Qh3 Qg7) 27. Qh3 {[%emt 0:00:04][%csl Gf5][%cal Rh3h7] [#]} Rg7 28. Rc8+ Qxc8 29. Bxc8 {[%emt 0:00:02][%cal Oc1c5] Threatens to win with Rxc5!} a3 30. Bb7 Ra4 31. Qb3 Ra5 32. Bc6 {[%emt 0:00:39] aiming for b6.} Rg8 33. b6 {[%emt 0:00:19][%cal Bb5b6,Bb6b7][%mdl 32] Strongly threatening b7.} Rb8 34. b7 Ra7 35. h3 Bd4 36. Rc2 Kg7 37. Ra2 Bc5 38. h4 Kf8 39. h5 h6 40. Qg3 Ke7 41. Qg4 Rd8 42. Qc8 {[%emt 0:00:18] Weighted Error Value: White=0.12 (very precise) /Black=0.33} 1-0

[Event "Szansa Chess Open 2022"]
[Site "Warsaw"]
[Date "2022.09.18"]
[Round "6.12"]
[White "Smieszek, Wojciech"]
[Black "Rylski, Tadeusz"]
[Result "1-0"]
[ECO "B42"]
[WhiteElo "2082"]
[BlackElo "1733"]
[Annotator "TA"]
[PlyCount "45"]
[EventDate "2022.09.17"]
[EventCountry "POL"]
[SourceTitle "playchess.com"]
[Source "ChessBase"]
[SourceQuality "1"]
[TimeControl "900+10"]

1. e4 c5 2. Nf3 e6 3. d4 cxd4 4. Nxd4 a6 5. Bd3 Bc5 6. Nb3 Ba7 7. O-O Nc6 8. Nc3 (8. Qg4 $5 ) 8... b5 {[%emt 0:00:54] B42: Sicilian: Kan Variation: 5 Bd3.} (8... Nge7 $11) 9. Qe2 (9. Qg4 {seems wilder.} Nf6 10. Qxg7 Rg8 11. Qh6) 9... Bb7 10. Be3 (10. Bf4 {with more complications.} d6 11. Qg4 Nf6 12. Qxg7 Rg8 13. Qh6) 10... Bxe3 {[%emt 0:00:42] White has an edge.} 11. Qxe3 {[%emt 0:00:02] [#]} ({Reject} 11. fxe3 Nf6 $15) 11... Nb4 $146 ({Black should play} 11... Nf6 $14) ({Predecessor:} 11... d6 12. Rad1 Nf6 13. h3 O-O 14. a3 Ne5 15. f4 Nc4 16. Bxc4 bxc4 17. Nd2 Qc7 {0-1 (33) Henriques,S (2061)-Guimaraes,R (2181) Lisbon 2002}) 12. Qg3 Qf6 (12... Nf6 $16 {is a better defense.}) 13. e5 Qh6 14. Be4 $36 {[%emt 0:00:12][%mdl 2048] Black is under strong pressure.} Nc6 $2 (14... Nd5) 15. Nc5 $18 Rb8 16. Rad1 {[%emt 0:00:14] Qd3 is the strong threat.} Bc8 (16... Nge7 $142 17. Rxd7 Ba8 18. Nxa6 Rb6) 17. Bxc6 dxc6 18. N3e4 Ne7 19. Nd6+ Kf8 20. Nxb5 {[%emt 0:02:24] Pair of Knights!} Nf5 (20... g5 $142 21. Nd6 Qg6) 21. Qa3 {[%emt 0:00:07] Intending Nxe6+ and mate.} axb5 22. Nxe6+ {[%emt 0:00:06][%mdl 64] [#] Discovered Attack (Double check)} Ke8 23. Rd8# {[%emt 0:00:14] Weighted Error Value: White=1.03/Black=1.34} 1-0

[Event "Szansa Chess Open 2022"]
[Site "Warsaw"]
[Date "2022.09.18"]
[Round "6.13"]
[White "Ivanytska, Liudmyla"]
[Black "Jarzebowski, Kacper"]
[Result "0-1"]
[ECO "B28"]
[WhiteElo "1845"]
[BlackElo "2106"]
[Annotator "TA"]
[PlyCount "168"]
[EventDate "2022.09.17"]
[EventCountry "POL"]
[SourceTitle "playchess.com"]
[Source "ChessBase"]
[SourceQuality "1"]
[TimeControl "900+10"]

1. e4 c5 2. Nf3 a6 3. d4 cxd4 4. Nxd4 Nf6 5. Nc3 e5 6. Nb3 Bb4 7. Bd3 d6 {[%emt 0:00:16] B28: Sicilian: 2 Nf3 a6 (O'Kelly Variation).} 8. O-O Bxc3 9. bxc3 Qc7 {[%emt 0:00:03] Black has an edge.} 10. c4 Nbd7 11. f4 {[%emt 0:00:11] [#]} exf4 $146 ({Predecessor:} 11... O-O 12. f5 b5 13. cxb5 axb5 14. Qe1 d5 15. exd5 e4 16. Bf4 Qb7 17. Be2 Nxd5 {½-½ (67) Guitkis,A-Greten,W Germany 2002}) 12. Bxf4 Ne5 13. Bxe5 (13. Bh6 $11 Rg8 14. Bf4) 13... dxe5 $15 14. h3 (14. Qc1 $15) 14... Be6 $17 15. Qe2 Nd7 16. Rab1 O-O 17. Kh1 Rac8 18. Nd2 (18. c5 $142) 18... f6 ({Better is} 18... Nc5 19. Qe1 Rfd8) 19. Rb4 Nc5 20. Rfb1 Bd7 {[%emt 0:02:43] Black is much more active.} 21. Qe3 Qd6 ({Black should play} 21... Rfd8 22. Be2 Qa5) 22. Nb3 Nxd3 23. Rb6 Rc6 ({Much worse is} 23... Qa3 24. cxd3 Rc7 25. Qd2 $11) 24. Rxc6 Nf2+ ({Of course not} 24... bxc6 25. cxd3 Rb8 26. Rd1 $11) 25. Qxf2 Bxc6 26. Qe3 (26. c5 $17 {is a better defense.} Qe6 27. Qe2) 26... Qa3 $19 27. Re1 Qxa2 28. Qc3 {[%emt 0:00:03] [#] aiming for Ra1.} Qa3 29. c5 {[%emt 0:00:34] [#]} Qa4 30. Qd3 Qb4 31. Re3 a5 32. Nd2 Qxc5 33. Kh2 a4 34. Rg3 Qd4 35. Qe2 Ra8 36. c3 Qc5 37. Qg4 Qe7 38. c4 a3 39. Nb3 a2 {[%emt 0:00:02] And now ...Ra3 would win.} 40. Na1 Qd7 41. Qe2 Qd4 $2 (41... Qe6 42. Rc3 Qd6) 42. Qg4 Qd7 (42... g6 43. Qe6+ Kg7 44. Qe7+ Kg8 45. Qe6+ Kg7 46. Qe7+ Kh6 47. Qxf6 Qd8 48. Qxe5 Qe8) 43. Qe2 $1 Qe6 44. Rc3 Qd6 45. Rd3 Qc5 46. Rg3 Ra3 {[%emt 0:00:05] ...Rxg3 is the strong threat.} 47. Rxa3 Qxa3 {[%emt 0:00:01][%mdl 4096] Endgame KQB-KQN} 48. Qc2 Qa4 49. Qe2 h6 50. h4 Qa7 51. h5 Qd4 52. Qxa2 Qxe4 53. Qa8+ Kh7 54. Qa2 Qh4+ 55. Kg1 Qxh5 {[%emt 0:00:07] Hoping for ...Qd1+.} 56. Nb3 Qg4 57. Qc2+ Qe4 58. Qb2 Qe1+ 59. Kh2 Qh4+ 60. Kg1 Qxc4 61. Kh2 Qh4+ 62. Kg1 h5 {[%emt 0:00:08][%cal Bh6h5,Bh5h4,Bh4h3,Bh3g2][%mdl 32] ( -> ...Qe1+)} 63. Qc2+ Qe4 64. Qb2 h4 {[%emt 0:00:02] Black mates.} 65. Kh2 Qf4+ 66. Kg1 Qe3+ 67. Kh1 h3 68. Qb1+ Qe4 69. Qxe4+ Bxe4 {[%emt 0:00:01] KB-KN} 70. Kh2 hxg2 71. Nd2 Bc6 72. Nc4 Kg8 73. Nb6 Kf7 74. Kg1 f5 75. Kh2 g5 76. Kg1 g4 77. Kf2 f4 78. Kg1 f3 79. Nc4 Ke6 80. Nd2 b5 81. Nb3 Kf6 82. Nc5 b4 83. Nb3 g3 84. Nd2 f2# {[%emt 0:00:01] Weighted Error Value: White=0.36/Black=0.10 (very precise)} 0-1

[Event "Szansa Chess Open 2022"]
[Site "Warsaw"]
[Date "2022.09.18"]
[Round "6.14"]
[White "Sidorczuk, Pawel"]
[Black "Bartkiewicz, Pawel"]
[Result "0-1"]
[ECO "B12"]
[WhiteElo "1886"]
[BlackElo "1938"]
[Annotator "TA"]
[PlyCount "96"]
[EventDate "2022.09.17"]
[EventCountry "POL"]
[SourceTitle "playchess.com"]
[Source "ChessBase"]
[SourceQuality "1"]
[TimeControl "900+10"]

1. e4 c6 2. d4 d5 3. e5 Bf5 4. c4 e6 5. Nc3 Ne7 6. h3 {[%emt 0:00:06] B12: Caro-Kann: Advance Variation.} Nd7 7. Nf3 h6 8. Be3 {[%emt 0:00:40] [#] The position is equal.} dxc4 $146 ({Predecessor:} 8... Bh7 9. Qb3 Qb6 10. Qxb6 Nxb6 11. cxd5 Nexd5 12. Nxd5 Nxd5 13. Bd2 Be7 14. a3 O-O {½-½ (50) Muetsch,A (1360)-Reinecke,K (1461) Hannover 2013}) 9. Bxc4 Nd5 10. O-O Be7 11. Nxd5 cxd5 12. Bd3 Bxd3 13. Qxd3 Qb6 14. b3 O-O 15. a4 a5 16. Rfc1 Nb8 17. Qb5 Ra6 18. Bd2 Nc6 19. Kf1 Qa7 20. Qd3 Rb6 21. g4 Qa6 22. Qxa6 Rxa6 23. Ke2 Rb8 24. Kd3 Kf8 25. h4 b5 26. Rab1 (26. axb5 $15 Rxb5 27. Rc3) 26... Ke8 $17 27. g5 h5 28. Ng1 Kd7 29. Ne2 g6 30. Nc3 {[%emt 0:00:38] [#]} Na7 (30... bxa4 $1 $17 31. Nxa4 Ra7) 31. Ra1 $15 Bb4 (31... bxa4 $15 32. bxa4 Bb4) 32. Nxb5 (32. axb5 $1 $11 {feels stronger.} Nxb5 33. Na4) 32... Nxb5 33. Bxb4 Nxd4 34. Bd6 Rxd6 35. exd6 $11 {[%emt 0:00:03][%mdl 4096] Endgame KRR-KRN} Nc6 (35... Nxb3 $17 36. Rcb1 Rb4) 36. Rab1 (36. Rc3 $11) 36... Rb4 37. Rc5 $1 Kxd6 38. Rb5 (38. Rbc1 $11 Ne5+ 39. Ke2) 38... Rxh4 $17 39. Rc1 (39. f3 $142) 39... Ne5+ $2 {[%emt 0:00:19] [#]} (39... Rh3+ $17 40. Kd2 Nd4 41. Rb6+ Ke5 42. Re1+ Kf4) 40. Ke2 $11 Re4+ 41. Kf1 $1 Nf3 {[%emt 0:00:03] aiming for ...Rg4.} 42. Rb6+ (42. Rxa5 $11 {keeps the balance.} Nd2+ 43. Kg2) 42... Ke5 $17 {[%emt 0:00:02] White must now prevent ...Nd2+. Black is more active.} 43. Rc5 $2 {[%emt 0:00:10][%mdl 8192] This move loses the game for White.} (43. b4 $17) 43... h4 $2 (43... Re1+ 44. Kg2 Kf4) 44. Kg2 Nxg5 45. Rxa5 (45. Rc1 $142 h3+ 46. Kh1) 45... Rg4+ $19 46. Kh2 h3 {[%emt 0:00:02] Black mates.} 47. Rc5 Rg2+ 48. Kh1 Nf3 {[%emt 0:00:01] Weighted Error Value: White=0.59/Black=0.30} 0-1